 Dungeon Crawl Stone Soup version 0.31-a0-865-g3d5d91748a (webtiles) character file.

Game seed: 6875240446189367222

4358 kae the Jinx (level 10, -3/63 HPs)
             Began as a Demonspawn Enchanter on Oct 10, 2023.
             Was an Initiate of Dithmenos.
             Slain by a komodo dragon (23 damage)
             ... on level 7 of the Dungeon.
             The game lasted 00:07:13 (6741 turns).

kae the Jinx (Demonspawn Enchanter)                 Turns: 6741, Time: 00:07:13

Health: -3/63      AC:  9    Str: 10    XL:     10   Next: 12%
Magic:  15/17      EV: 19    Int: 18    God:    Dithmenos [......]
Gold:   352        SH:  4    Dex: 17    Spells: 8/19 levels left

rFire   . . .        a - +2 dagger
rCold   . . .        (no shield)
rNeg    . . .        b - +1 robe
rPois   .            (no helmet)
rElec   .            y - +2 cloak
rCorr   .            (no gloves)
SInv    .            q - +2 pair of boots {rampage}
Will    .....        (no amulet)
Stlth   +++          (no ring)
HPRegen 0.30/turn    (no ring)
MPRegen 0.15/turn

%: rampage
@: agile, corroded
A: icemail 1, powered by pain 1, big brain 1, condensation shield, demonic touch
2
a: Renounce Religion


You were on level 7 of the Dungeon.
You worshipped Dithmenos.
Dithmenos was noncommittal.
You visited 1 branch of the dungeon, and saw 7 of its levels.

You collected 352 gold pieces.


Innate Abilities, Weirdness & Mutations

A meltable icy envelope protects you from harm. (AC +4)
You sometimes gain a little power by taking damage.
You have an unusually large brain. (Int +2)
A meltable shield of frost defends you. (SH +4)
Your touch may inflict irresistible damage on your foes.


   Skills:
 * Level 7.0 Short Blades
 + Level 5.3 Dodging
 + Level 6.1 Stealth
 + Level 5.2 Spellcasting
 * Level 8.2 Hexes
 - Level 3.0 Ice Magic


You had 8 spell levels left.
You knew the following spells:

 Your Spells              Type           Power      Damage    Failure   Level
a - Ensorcelled Hibernat  Hex/Ice        48%        N/A       1%          2
b - Confusing Touch       Hex            34%        N/A       1%          3
c - Tukima's Dance        Hex            34%        N/A       1%          3
d - Dazzling Flash        Conj/Hex       38%        N/A       8%          3

Your spell library contained the following spells:

 Spells                   Type           Power      Damage    Failure   Level
 Cigotuvi's Dreadful Rot  Necr/Pois/Air  8%         N/A       21%         2
 Ignite Poison            Fire/Tmut/Pois 4%         N/A       36%         3
 Summon Ice Beast         Ice/Summ       10%        N/A       56%         4
 Summon Mana Viper        Hex/Summ       19%        N/A       56%         5
 Freezing Cloud           Conj/Ice/Air   4%         6-21      94%         5
 Monstrous Menagerie      Summ           2%         N/A       100%        7

Inventory:

Hand Weapons
 a - a +2 dagger (weapon)
Missiles
 d - 5 atropa-tipped darts
 k - 64 stones
 u - 6 poisoned darts
 A - a curare-tipped dart {=f}
Armour
 b - a +1 robe (worn)
 q - a +2 pair of boots of rampaging (worn)
   (You found it on level 2 of the Dungeon)
 y - a +2 cloak (worn)
   (You took it off Crazy Yiuf on level 3 of the Dungeon)
Jewellery
 e - a +5 ring of evasion
   (You found it on level 2 of the Dungeon)
 h - an amulet of magic regeneration
   (You found it on level 1 of the Dungeon)
 D - a ring of willpower
   (You found it on level 5 of the Dungeon)
 E - a +5 ring of evasion
   (You found it on level 1 of the Dungeon)
 G - an amulet of guardian spirit
   (You found it on level 2 of the Dungeon)
Wands
 t - a wand of charming (7)
   (You took it off Ijyb on level 3 of the Dungeon)
 C - a wand of polymorph (13)
   (You took it off Edmund on level 5 of the Dungeon)
Scrolls
 m - 3 scrolls of enchant armour
 r - a scroll of teleportation {@r4}
 s - a scroll of enchant weapon
 w - 3 scrolls of fog
 z - a scroll of fear
 B - a scroll of poison {unknown}
Potions
 c - 3 potions of invisibility
 f - a potion of enlightenment
 g - a potion of might {unknown}
 i - 2 potions of mutation {!q}
 j - a potion of haste {unknown}
 l - 3 potions of attraction {!q}
 n - a potion of degeneration {!q}
 o - a potion of brilliance
 p - a potion of heal wounds {unknown}
 v - 4 potions of curing {@q1}
 x - a potion of ambrosia {unknown}

Dungeon Overview and Level Annotations

Branches:
Dungeon (7/15) Zot: 25420  Temple (0/1) D:7

Altars:
Dithmenos
Makhleb
Nemelex Xobeh
Okawaru
Qazlal
Xom

Shops:
D:1 [   D:5 =   D:6 [

Annotations:
D:1 2 transporters
D:4 Dowan, Duvessa
D:7 2 runed translucent doors

#.#####.##...#.......##.####.##
#.# #.##.#.##.....##...###..#
#.# #.......#.#.#.##.#..###.##
..#####.#####.##.#.##..##..##..#
.>....#.# #..#...##...##..##.#
#####.#.# ##..##.##.##..##..#.#
#.#.# #....#W##..##..##.#.#
#.#.####.##.#l#'#########'.#
#.#.#.......@..............#
#.#.#.####.#################
#.#.#.# #.# #.#...# #.#
#.########.# #..........#
############


You could see a komodo dragon and a wraith.


Message History

😕 HP[-12] MP[-2]
You take 12 damage, and now have 51/63 hp.
You lost 2 mp, and now have 15/17 mp.
Casting: Ensorcelled Hibernation (safe; 1% risk of failure)
Confirm with . or Enter, or press ? or * to list all spells.
Aiming: Ensorcelled Hibernation (safe; 1% risk of failure)
Press: ? - help, Shift-Dir - straight line, f/p - orc warrior
Aim: an orc warrior, wielding a +0 halberd and wearing a +0 chain mail (chance to affect: 55%)
The orc warrior looks drowsy... 😕 MP[-2]
You lost 2 mp, and now have 13/17 mp.
You rampage towards the orc warrior!
The helpless orc warrior fails to defend itself.
You stick the orc warrior like a pincushion!!!
You kill the orc warrior!
Dithmenos accepts your kill.
No target in view!
No target in view!
No target in view!
Things that are here:
a +0 halberd; a +0 chain mail A komodo dragon comes into view. 😎 HP[+12] MP[+4]
Your hp is fully restored (63).
Your mp is fully restored (17).
The komodo dragon hisses angrily.
The brown ugly thing gurgles horribly!
You hit the komodo dragon.
You touch the komodo dragon!
There are monsters nearby!
There are monsters nearby!
There are monsters nearby!
There are monsters nearby!
Casting: Ensorcelled Hibernation (safe; 1% risk of failure)
Confirm with . or Enter, or press ? or * to list all spells.
Aiming: Ensorcelled Hibernation (safe; 1% risk of failure)
Press: ? - help, Shift-Dir - straight line, f - komodo dragon
Aim: a komodo dragon (moderately wounded, chance to affect: 37%)
The komodo dragon resists with some effort.
The komodo dragon bites you!!
You focus on the pain.
You feel your power returning. 😮 HP[-20]
You take 20 damage, and now have 43/63 hp.
MASSIVE DAMAGE!! (PAUSE)
Casting: Ensorcelled Hibernation (safe; 1% risk of failure)
Confirm with . or Enter, or press ? or * to list all spells.
Aiming: Ensorcelled Hibernation (safe; 1% risk of failure)
Press: ? - help, Shift-Dir - straight line, f/p - komodo dragon
Aim: a komodo dragon (moderately wounded, chance to affect: 37%)
The komodo dragon resists with some effort. 😮 MP[-2]
You lost 2 mp, and now have 15/17 mp.
Casting: Ensorcelled Hibernation (safe; 1% risk of failure)
Confirm with . or Enter, or press ? or * to list all spells.
Aiming: Ensorcelled Hibernation (safe; 1% risk of failure)
Press: ? - help, Shift-Dir - straight line, f/p - komodo dragon
Aim: a komodo dragon (moderately wounded, chance to affect: 37%)
The brown ugly thing looks drowsy... 😮 MP[-2]
You lost 2 mp, and now have 13/17 mp.
The helpless brown ugly thing fails to defend itself.
You perforate the brown ugly thing like a sieve!!!
You touch the brown ugly thing! 😮 HP[+1]
Casting: Ensorcelled Hibernation (safe; 1% risk of failure)
Confirm with . or Enter, or press ? or * to list all spells.
Aiming: Ensorcelled Hibernation (safe; 1% risk of failure)
Press: ? - help, Shift-Dir - straight line, f/p - komodo dragon
Aim: a komodo dragon (moderately wounded, chance to affect: 37%)
The brown ugly thing is unaffected.
The brown ugly thing misses you. 😮 MP[-2]
You lost 2 mp, and now have 11/17 mp.
You closely miss the brown ugly thing. The brown ugly thing tail-slaps you.
The acid corrodes you!
You are splashed with acid!
You focus on the pain.
You feel agile all of a sudden. 😮 HP[-11]
You take 11 damage, and now have 33/63 hp.
Casting: Ensorcelled Hibernation (safe; 1% risk of failure)
Confirm with . or Enter, or press ? or * to list all spells.
Your hands begin to glow red.
The brown ugly thing misses you. The brown ugly thing tail-slaps you.
* * * LOW HITPOINT WARNING * * *
You are splashed with acid!
* * * LOW HITPOINT WARNING * * *
You focus on the pain.
You feel your power returning. 😨 HP[-13] MP[+6]
You take 13 damage, and now have 20/63 hp.
MASSIVE DAMAGE!! (PAUSE)
Your mp is fully restored (17).
You hit the brown ugly thing but do no damage.
The brown ugly thing appears confused.
You touch the brown ugly thing.
You kill the brown ugly thing!
Dithmenos accepts your kill.
Your Short Blades skill increases to level 7!
Casting: Confusing Touch (safe; 1% risk of failure)
Confirm with . or Enter, or press ? or * to list all spells.
Aiming: Ensorcelled Hibernation (safe; 1% risk of failure)
Press: ? - help, Shift-Dir - straight line, f/p - komodo dragon
Aim: a komodo dragon (lightly wounded, chance to affect: 37%)
The komodo dragon resists with some effort.
The komodo dragon bites you!!
You die...

Skill      XL: |  1  2  3  4  5  6  7  8  9 10 |
---------------+-------------------------------+-----
Short Blades   | 1 2 3 4 5 6 7 |  7.0
Dodging        | 2 3 4 5 |  5.3
Stealth        | 3 4 5 6 |  6.1
Hexes          | 4 5 6 8 |  8.2
Spellcasting   | 3 4 5 |  5.2
Ice Magic      | 1 2 3 |  3.0

Action                     |  1- 3 |  4- 6 |  7- 9 | 10-12 || total
---------------------------+-------+-------+-------+-------++-------
  Melee: Dagger            |   116 |    74 |   170 |     5 ||   365
         Punch             |     1 |     1 |     1 |       ||     3
         Touch             |    16 |    15 |    36 |     3 ||    70
   Cast: Ensorcelled Hiber |     9 |     7 |    33 |     7 ||    56
         Confusing Touch   |       |     3 |    10 |     1 ||    14
    Use: Scroll            |     3 |     1 |    13 |     1 ||    18
   Stab: Sleeping          |    14 |    14 |    29 |     2 ||    59
         Confused          |       |     1 |     3 |       ||     4
 Armour: Robe              |    52 |    37 |    98 |     8 ||   195
  Dodge: Dodged            |    56 |    45 |   101 |     2 ||   204
  Block: Other             |     2 |    15 |    34 |       ||    51

Levels and vault maps discovered:
D:1:      dpeg_arrival_windows_large_door, layout_loops_cross,
          dreamdust_ecumenical_altar_hidden_monk_grotto, serial_shops,
          nicolae_shop_drivethru
D:2:      layout_basic
D:3:      layout_rooms, lemuel_crystal_altar,
          mainiacjoe_overflow_concentric_impassable,
          nicolae_overflow_hidden_temple, uniq_pargi, uniq_crazy_yiuf_cottage,
          uniq_ijyb
D:4:      layout_layer_cave, jmf_multi_god_temple, uniq_duvessa
D:5:      layout_cave_pools, serial_shops, shop, dk_noncrumbling_4, uniq_pikel,
          uniq_eustachio, uniq_edmund
D:6:      layout_cave_pods, grunt_dithmenos_smoke_and_mirrors,
          nicolae_shop_dragon_depot
D:7:      minmay_the_grid_triangle_9x9_rhombus_thin
          [minmay_the_grid_triangle_9x9_tough_junction,
          minmay_the_grid_triangle_9x9_prize_schism,
          minmay_the_grid_triangle_9x9_semitri,
          minmay_the_grid_triangle_9x9_zippers_horizontal], layout_basic,
          kennysheep_little_box, temple_fountains

Notes
Turn   | Place    | Note
-------+----------+-------------------------------------------
     0 | D:1      | kae the Demonspawn Enchanter began the quest for the Orb.
     0 | D:1      | Reached XP level 1. HP: 13/13 MP: 3/3
     0 | D:1      | magus.rc [v1.11.3]
    16 | D:1      | Found a faded altar of an unknown god.
    67 | D:1      | Found a transporter.
    79 | D:1      | Reached skill level 1 in Short Blades
    98 | D:1      | Found Goesown's Armour Shop.
   240 | D:1      | HP: 3/13 [frozen (4)]
   242 | D:1      | HP: 1/13 [frozen (2)]
   245 | D:1      | Gained mutation: Your touch may inflict minor irresistible
                  | damage on your foes. [demonic ancestry]
   245 | D:1      | Reached XP level 2. HP: 3/19 MP: 5/5
   342 | D:1      | Learned a level 2 spell: Ensorcelled Hibernation
   767 | D:1      | Found a transporter.
   920 | D:2      | Reached skill level 2 in Dodging
   927 | D:2      | Reached skill level 3 in Stealth
   930 | D:2      | Gained mutation: A meltable shield of frost defends you.
                  | (SH +4) [demonic ancestry]
   930 | D:2      | Reached XP level 3. HP: 21/24 MP: 3/6
  1109 | D:2      | Learned a level 3 spell: Confusing Touch
  1533 | D:2      | You add the spells Cigotuvi's Dreadful Rot, Ignite Poison
                  | and Freezing Cloud to your library.
  1930 | D:3      | Found an iron altar of Okawaru.
  1930 | D:3      | Found a stormy altar of Qazlal.
  1957 | D:3      | Reached skill level 2 in Short Blades
  1967 | D:3      | Gained mutation: You have an unusually large brain. (Int
                  | +2) [demonic ancestry]
  1967 | D:3      | Reached XP level 4. HP: 28/30 MP: 1/7
  2035 | D:3      | Noticed Ijyb
  2043 | D:3      | Killed Ijyb
  2335 | D:3      | Noticed Pargi
  2350 | D:3      | Killed Pargi
  2351 | D:3      | Reached skill level 4 in Hexes
  2351 | D:3      | Gained mutation: Your touch may inflict irresistible damage
                  | on your foes. [demonic ancestry]
  2351 | D:3      | Reached XP level 5. HP: 13/35 MP: 1/9
  2566 | D:3      | Found a runed translucent door.
  2567 | D:3      | Noticed Crazy Yiuf
  2572 | D:3      | Killed Crazy Yiuf
  2617 | D:3      | Identified the +7 hammer of Rafy {elec, Will+}
  2698 | D:4      | Gained mutation: A meltable icy envelope protects you from
                  | harm. (AC +4) [demonic ancestry]
  2698 | D:4      | Reached XP level 6. HP: 41/41 MP: 10/10
  2758 | D:4      | Noticed Duvessa
  2785 | D:4      | Noticed Dowan
  2878 | D:4      | Found a sparkling altar of Nemelex Xobeh.
  2878 | D:4      | Found a burning altar of Makhleb.
  2897 | D:4      | Reached skill level 3 in Short Blades
  3414 | D:5      | Entered Level 5 of the Dungeon
  3425 | D:5      | Noticed an ice beast
  3434 | D:5      | Reached skill level 3 in Spellcasting
  3451 | D:5      | Killed an ice beast
  3452 | D:5      | Reached skill level 3 in Dodging
  3452 | D:5      | Reached skill level 1 in Ice Magic
  3515 | D:5      | Reached XP level 7. HP: 46/46 MP: 11/11
  3597 | D:5      | Reached skill level 4 in Stealth
  3597 | D:5      | Reached skill level 5 in Hexes
  3644 | D:5      | Noticed Pikel
  3739 | D:5      | Noticed Eustachio
  3759 | D:4      | Killed Pikel
  3760 | D:4      | Reached skill level 4 in Short Blades
  3760 | D:4      | Reached skill level 2 in Ice Magic
  3760 | D:4      | Reached XP level 8. HP: 34/52 MP: 7/13
  3838 | D:5      | Killed Eustachio
  3947 | D:5      | Noticed Edmund
  3961 | D:5      | Killed Edmund
  3962 | D:5      | Reached skill level 5 in Short Blades
  3962 | D:5      | Reached skill level 6 in Hexes
  4034 | D:5      | You pick up a book of Beasts and begin reading...
  4034 | D:5      | You add the spells Summon Ice Beast, Summon Mana Viper and
                  | Monstrous Menagerie to your library.
  4077 | D:5      | Reached skill level 4 in Spellcasting
  4096 | D:5      | Reached skill level 4 in Dodging
  4162 | D:5      | Found Diwaon's Jewellery Shop.
  4634 | D:6      | Reached skill level 5 in Stealth
  4768 | D:6      | Found a shadowy altar of Dithmenos.
  4817 | D:6      | Reached XP level 9. HP: 57/57 MP: 11/15
  4830 | D:6      | Became a worshipper of Dithmenos the Shadowed
  4925 | D:6      | Reached skill level 3 in Ice Magic
  4954 | D:6      | Learned a level 3 spell: Tukima's Dance
  4958 | D:6      | Learned a level 3 spell: Dazzling Flash
  5026 | D:6      | Found Ninurta's Dragon-Slaying Spoils.
  5083 | D:6      | Identified the +2 robe "Eroen" {Dex+4}
  5406 | D:7      | Reached skill level 7 in Hexes
  5512 | D:7      | Reached skill level 6 in Short Blades
  5814 | D:7      | Found a staircase to the Ecumenical Temple.
  5903 | D:7      | Found a runed translucent door.
  5904 | D:7      | Found a runed translucent door.
  5904 | D:7      | Noticed a troll
  6318 | D:7      | Found a shimmering altar of Xom.
  6323 | D:7      | Reached skill level 5 in Dodging
  6330 | D:7      | Reached skill level 5 in Spellcasting
  6413 | D:7      | Noticed a manticore
  6430 | D:7      | Noticed a brown ugly thing
  6433 | D:7      | Killed a manticore
  6434 | D:7      | Reached skill level 6 in Stealth
  6434 | D:7      | Reached skill level 8 in Hexes
  6434 | D:7      | Gained mutation: You sometimes gain a little power by
                  | taking damage. [demonic ancestry]
  6434 | D:7      | Reached XP level 10. HP: 22/63 MP: 12/17
  6434 | D:7      | HP: 10/63 [orc warrior/+0 halberd (8)]
  6740 | D:7      | Killed a brown ugly thing
  6741 | D:7      | Reached skill level 7 in Short Blades
  6741 | D:7      | Slain by a komodo dragon

Vanquished Creatures
  Pikel (D:4)
  An ugly thing (D:7)
  A manticore (D:7)
  Eustachio (D:5)
  2 steam dragons (D:7)
  3 yaks (D:7)
  Edmund (D:5)
  3 water moccasins
  Pargi (D:3)
  An orc warrior (D:7)
  3 ice beasts
  A black bear (D:5)
  An ogre (D:5)
  A centaur (D:7)
  2 phantoms (D:5)
  3 lemures
  A kobold brigand (D:7)
  3 bullfrogs (D:6)
  3 scorpions
  4 wights (D:7)
  A killer bee (D:7)
  2 hounds
  3 jellies (D:4)
  A sleepcap (D:7)
  Crazy Yiuf (D:3)
  Ijyb (D:3)
  An iguana (D:5)
  5 adders
  3 ufetubi
  A worm (D:2)
  2 dart slugs
  6 orcs
  9 endoplasms
  A giant cockroach (D:1)
  5 goblins
  11 hobgoblins
  2 jackals (D:3)
  3 kobolds
  3 quokkas
  3 ball pythons
  7 bats
  5 frilled lizards
  6 rats
119 creatures vanquished.

Vanquished Creatures (others)
  An orc wizard (D:7)
1 creature vanquished.

Grand Total: 120 creatures vanquished

Table legend:
 A = Non-vault XP
 B = Vault XP
 C = Vault XP percentage of total XP
 D = Non-vault monster count
 E = Vault monster count
 F = Vault count percentage of total count
                 A         B        C        D         E       F
            +---------+---------+-------+---------+---------+-------
      Total |    3505 |    2722 |  43.7 |     102 |      15 |  12.8
            +---------+---------+-------+---------+---------+-------
        D:1 |      25 |       0 |   0.0 |      17 |       0 |   0.0
        D:2 |      50 |       0 |   0.0 |      21 |       0 |   0.0
        D:3 |      34 |     213 |  86.2 |      13 |       3 |  18.8
        D:4 |     105 |     664 |  86.3 |      10 |       3 |  23.1
        D:5 |     891 |     368 |  29.2 |      16 |       2 |  11.1
        D:6 |     692 |       0 |   0.0 |       9 |       0 |   0.0
        D:7 |    1708 |    1477 |  46.4 |      16 |       7 |  30.4
            +---------+---------+-------+---------+---------+-------

Skill      XL: |  1  2  3  4  5  6  7  8  9 10 |
---------------+-------------------------------+-----
Short Blades   | 1 2 3 4 5 6 7 |  7.0
Dodging        | 2 3 4 5 |  5.3
Stealth        | 3 4 5 6 |  6.1
Hexes          | 4 5 6 8 |  8.2
Spellcasting   | 3 4 5 |  5.2
Ice Magic      | 1 2 3 |  3.0

Action                     |  1- 3 |  4- 6 |  7- 9 | 10-12 || total
---------------------------+-------+-------+-------+-------++-------
  Melee: Dagger            |   116 |    74 |   170 |     5 ||   365
         Punch             |     1 |     1 |     1 |       ||     3
         Touch             |    16 |    15 |    36 |     3 ||    70
   Cast: Ensorcelled Hiber |     9 |     7 |    33 |     7 ||    56
         Confusing Touch   |       |     3 |    10 |     1 ||    14
    Use: Scroll            |     3 |     1 |    13 |     1 ||    18
   Stab: Sleeping          |    14 |    14 |    29 |     2 ||    59
         Confused          |       |     1 |     3 |       ||     4
 Armour: Robe              |    52 |    37 |    98 |     8 ||   195
  Dodge: Dodged            |    56 |    45 |   101 |     2 ||   204
  Block: Other             |     2 |    15 |    34 |       ||    51

Illustrated notes

Table legend:
 A = Kills in this place as a percentage of kills in the entire game.
 B = Kills by you in this place as a percentage of kills by you in the entire game.
 C = Kills by friends in this place as a percentage of kills by friends in the entire game.
 D = Other kills in this place as a percentage of other kills in the entire game.
 E = Experience gained in this place as a percentage of experience gained in the entire game.
 F = Experience gained in this place divided by the number of levels of this place that you have seen.
                   A       B       C       D       E      F
               +-------+-------+-------+-------+-------+----------------------
         Total | 100.0 | 100.0 |   N/A | 100.0 | 100.0 | 889.6
       Dungeon | 100.0 | 100.0 |   N/A | 100.0 | 100.0 | 889.6
               +-------+-------+-------+-------+-------+----------------------

Table legend: (Time is in decaauts)
 A = Elapsed time spent in this place.
 B = Non-inter-level travel time spent in this place.
 C = Inter-level travel time spent in this place.
 D = Time resting spent in this place.
 E = Time spent auto-exploring this place.
 F = Levels seen in this place.
 G = Mean time per level.
                   A        B        C        D        E       F      G
               +--------+--------+--------+--------+--------+-----+--------+
         Total |   6679 |   6496 |    183 |    694 |   4760 |   7 |  954.1 |
       Dungeon |   6679 |   6496 |    183 |    694 |   4760 |   7 |  954.1 |
               +--------+--------+--------+--------+--------+-----+--------+

Top non-repeatable levels by time:
     D:7: 1578 daAuts
     D:2: 1016 daAuts
     D:4: 908 daAuts
     D:1: 906 daAuts
     D:5: 779 daAuts
     D:6: 778 daAuts
     D:3: 712 daAuts
